 Dungeon Crawl Stone Soup version 0.31-a0-237-g2d982f9f85 (webtiles) character file.

Game seed: 14519307364228748861

63 qw the Shooter (level 4, 0/26 HPs)
             Began as a Gargoyle Hexslinger on July 11, 2023.
             Slain by Terence
             ... wielding a +2 short sword of freezing
              (5 damage)
             ... on level 2 of the Dungeon.
             The game lasted 00:00:35 (1232 turns).

qw the Shooter (Gargoyle Hexslinger)                Turns: 1232, Time: 00:00:35

Health: 0/26       AC:  8    Str: 11    XL:     4   Next: 9%
Magic:  5/5        EV: 11    Int: 14    God:
Gold:   156        SH:  0    Dex: 14    Spells: 4/5 levels left

rFire   . . .        Y - +1 sling
rCold   . . .        (no shield)
rNeg    + . .        i - +0 leather armour
rPois   inf          (no helmet)
rElec   +            (no cloak)
rCorr   .            (no gloves)
SInv    .            k - +1 pair of boots
Will    .....        (no amulet)
Stlth   +            (no ring)
HPRegen 0.24/turn    (no ring)
MPRegen 0.09/turn

%: no passive effects
@: no status effects
A: sickness immunity, AC +3, negative energy resistance 1, electricity
resistance, torment resistance 1, petrification resistance
a: no special abilities


You were on level 2 of the Dungeon.
You visited 1 branch of the dungeon, and saw 2 of its levels.

You collected 156 gold pieces.


Innate Abilities, Weirdness & Mutations

You are immune to sickness and miasma.
Your stone body is resilient. (AC +3)
You are immune to poison.
You resist negative energy. (rN+)
You are resistant to electric shocks. (rElec)
You are resistant to unholy torment.
You are immune to petrification.


   Skills:
 - Level 2.0 Fighting
 + Level 3.9 Ranged Weapons
 - Level 1.5 Dodging
 - Level 1.0 Spellcasting
 - Level 2.6 Hexes


You had 4 spell levels left.
You knew the following spells:

 Your Spells              Type           Power      Damage    Failure   Level
a - Slow                  Hex            32%        N/A       12%         1

Your spell library contained the following spells:

 Spells                   Type           Power      Damage    Failure   Level
 Inner Flame              Hex/Fire       4%         N/A       52%         3
 Portal Projectile        Hex/Tloc       8%         N/A       52%         3
 Cause Fear               Hex            4%         N/A       75%         4

Inventory:

Hand Weapons
 Y - a +1 sling (weapon)
Armour
 b - the +2 ring mail "Ubooh" {rPois MP+9}
   (You found it on level 2 of the Dungeon)

   rPois:     It protects you from poison.
   MP:        It affects your magic capacity (+9).
 i - a +0 leather armour (worn)
 k - a +1 pair of boots (worn)
Jewellery
 j - a +5 ring of evasion
Scrolls
 e - a scroll of teleportation {unknown}
 g - a scroll of immolation {unknown}
Potions
 a - a potion of might {unknown}
 c - a potion of enlightenment {unknown}
 d - 2 potions of degeneration {unknown}
 f - 4 potions of curing {unknown}
 h - a potion of haste {unknown}
 l - a potion of heal wounds {unknown}

Dungeon Overview and Level Annotations

Branches:
Dungeon (2/15)

Altars:

Annotations:
D:2 Terence


Message History

Terence is moderately wounded.
Terence misses you.
You shoot a sling bullet. The sling bullet barely misses Terence.
Terence barely misses you.
You shoot a sling bullet. The sling bullet barely misses Terence.
Terence hits you but does no damage.
You shoot a sling bullet. The sling bullet barely misses Terence.
Terence hits you with a +2 short sword of freezing.
Terence freezes you. Terence hits you but does no damage.
You shoot a sling bullet. The sling bullet hits Terence.
Terence is moderately wounded.
Terence hits you with a +2 short sword of freezing.
Terence freezes you.
You shoot a sling bullet.
The sling bullet hits Terence but does no damage.
Terence is moderately wounded.
Terence hits you with a +2 short sword of freezing.
Terence freezes you.
You shoot a sling bullet.
The sling bullet hits Terence but does no damage.
Terence is moderately wounded.
Terence misses you.
You shoot a sling bullet. The sling bullet barely misses Terence.
Terence barely misses you. Terence hits you but does no damage.
You shoot a sling bullet. The sling bullet hits Terence.
Terence is heavily wounded.
Terence closely misses you.
You shoot a sling bullet. The sling bullet barely misses Terence.
Terence hits you with a +2 short sword of freezing.
Terence freezes you.
You shoot a sling bullet. The sling bullet hits Terence.
Terence is severely wounded.
Terence closely misses you.
You shoot a sling bullet.
The sling bullet hits Terence but does no damage.
Terence is severely wounded.
Terence shouts, "Now you die!" Terence closely misses you.
Terence hits you with a +2 short sword of freezing.
You die...

##.8.## #.# #.8.8.## #.#
.8.#.8.###.#
8.###.8.##.# ##
.##.##.8.### ..
##.8.##.8.## .#
#.8.8.##.8.## >#
.8.#.8.##%8.#####@####.#
8..##.8.##.8.##.@......#
.8..##.8.##.8.#.#.###..#
#.8..##.8.##.8..#.#
##..8.##.8.##...#.#
%##..8.##.8.##.##..
8.##..8.##.8.### ##
.8.#%8.##.8.##
#.8.8.##.8.##
##.8.##.8.##


You could see Terence.

Vanquished Creatures
  2 adders (D:2)
  A worm (D:2)
  2 dart slugs (D:1)
  7 bats
  3 endoplasms
  2 giant cockroaches (D:1)
  2 goblins
  2 hobgoblins (D:1)
  4 kobolds
  6 ball pythons
  3 frilled lizards (D:1)
  4 rats
38 creatures vanquished.

Notes
Turn   | Place    | Note
-------+----------+-------------------------------------------
     0 | D:1      | qw the Gargoyle Hexslinger began the quest for the Orb.
     0 | D:1      | Reached XP level 1. HP: 12/12 MP: 2/2
     0 | D:1      | 0 ||| qw: Version: 0.3-a-52-g30416fa
     0 | D:1      | 0 ||| qw: Game counter: 5688
     0 | D:1      | 0 ||| qw: Melee chars always use a shield: true
     0 | D:1      | 0 ||| qw: God list: Okawaru
     0 | D:1      | 0 ||| qw: Allow faded altars: false
     0 | D:1      | 0 ||| qw: Do Orc after clearing Dungeon:15 true
     0 | D:1      | 0 ||| qw: Do second Lair branch before Depths: true
     0 | D:1      | 0 ||| qw: Lair rune preference: random
     0 | D:1      | 0 ||| qw: Goals: Normal
     0 | D:1      | 0 ||| PLANNING D:1-11
    75 | D:1      | Reached XP level 2. HP: 16/16 MP: 3/3
   153 | D:1      | Reached skill level 3 in Ranged Weapons
   309 | D:1      | Reached XP level 3. HP: 21/21 MP: 4/4
   474 | D:1      | 474 ||| UPGRADING to +0 pair of boots.
   479 | D:1      | 479 ||| UPGRADING to +0 leather armour.
   489 | D:1      | 489 ||| DROPPING +0 robe.
   490 | D:1      | 490 ||| UPGRADING to +1 pair of boots.
   500 | D:1      | 500 ||| DROPPING +0 pair of boots.
   501 | D:1      | 501 ||| READING scroll labelled NUYWYNO PUOTOE.
   502 | D:1      | 502 ||| READING scroll labelled FAR YPANEWYD.
   503 | D:1      | 503 ||| READING scroll labelled NIN NADUUF SEI.
   504 | D:1      | 504 ||| DROPPING scroll of poison.
   685 | D:2      | Identified the +2 ring mail "Ubooh" {rPois MP+9}
   840 | D:2      | 840 ||| FLEEEEING.
   841 | D:2      | 841 ||| FLEEEEING.
   842 | D:2      | 842 ||| FLEEEEING.
   843 | D:2      | 843 ||| FLEEEEING.
   961 | D:2      | Reached XP level 4. HP: 25/26 MP: 5/5
  1212 | D:2      | Noticed Terence
  1230 | D:2      | HP: 5/26 [Terence/+2 short sword of freezing (3)]
  1232 | D:2      | Slain by Terence

Levels and vault maps discovered:
D:1:      nicolae_arrival_washed_ashore, layout_rooms, minmay_pentomino_z4
D:2:      minmay_inner_zag, layout_loops_corners, solitary_fountain,
          nicolae_houndstooth_variations, uniq_terence, uniq_robin

Skill      XL: |  1  2  3 |
---------------+----------+-----
Ranged Weapons | 3 |  3.9
Fighting       | 2 |  2.0
Dodging        | |  1.5
Spellcasting   | |  1.0
Hexes          | |  2.6

Action                     |  1- 3 |  4- 6 || total
---------------------------+-------+-------++-------
   Fire: Sling             |   107 |    26 ||   133
    Use: Scroll            |     3 |       ||     3
 Armour: Robe              |    13 |       ||    13
         Leather armour    |     5 |     7 ||    12
  Dodge: Dodged            |    20 |    11 ||    31

Table legend:
 A = Non-vault XP
 B = Vault XP
 C = Vault XP percentage of total XP
 D = Non-vault monster count
 E = Vault monster count
 F = Vault count percentage of total count
                 A         B        C        D         E       F
            +---------+---------+-------+---------+---------+-------
      Total |      78 |      12 |  13.3 |      32 |       6 |  15.8
            +---------+---------+-------+---------+---------+-------
        D:1 |      35 |       9 |  20.5 |      22 |       4 |  15.4
        D:2 |      43 |       3 |   6.5 |      10 |       2 |  16.7
            +---------+---------+-------+---------+---------+-------
